General information
- name: BNet
- type: Ladder team game (AT/RT)
- host: Battle.net
- saver: CumInsideMe
map: Monsoon
- players: 6
- length: 52:23
- speed: Fast
- version: 1.23 W3XP
- replay type: Public
» download(400 KB)
Players
team 1 (loser)

»
AwesomeGraphics (
orange | 150 APM | 6556 actions | 43:50)
3 Archmage
2 Blizzard
1 Brilliance Aura
4 Blood Mage
2 Flame Strike
2 Siphon Mana
» actions
| Assign group hotkey | 336 | |
| Basic commands | 544 | |
| Build / train | 154 | |
| ESC pressed | 12 | |
| Enter build submenu | 79 | |
| Enter hero's abilities submenu | 8 | |
| Give item / drop item | 4 | |
| Right click | 2712 | |
| Select / deselect | 615 | |
| Select group hotkey | 1935 | |
| Use ability | 157 | |
6556 total
» units
| Peasant | 57 | |
| Footman | 3 | |
| Gryphon Rider | 6 | |
| Knight | 14 | |
80 total
» upgrades
| Swords | 3 | |
| Animal War Training | 1 | |
| Storm Hammers | 1 | |
| Lumber Harvesting | 2 | |
| Plating | 3 | |
| Masonry | 1 | |
| Magic Sentry | 1 | |
12 total
» buildings
| Altar of Kings | 1 | |
| Barracks | 2 | |
| Farm | 11 | |
| Keep | 2 | |
| Scout Tower | 57 | |
| Lumber Mill | 1 | |
| Blacksmith | 1 | |
| Castle | 1 | |
| Gryphon Aviary | 3 | |
| Arcane Vault | 1 | |
| Town Hall | 8 | |
| Arcane Tower | 13 | |
| Guard Tower | 23 | |
| Arcane Sanctum | 1 | |
125 total
» build order
00:08 Altar of Kings
00:19 Barracks
00:33 Farm
00:48 Farm
02:16 Keep
02:16 Keep
02:32 Farm
02:36 Scout Tower
02:40 Lumber Mill
04:13 Blacksmith
04:16 Farm
04:40 Castle
05:18 Gryphon Aviary
05:20 Gryphon Aviary
06:20 Arcane Vault
07:22 Farm
07:25 Farm
09:08 Farm
11:46 Town Hall
13:19 Barracks
13:39 Town Hall
14:00 Farm
14:02 Farm
14:03 Farm
14:05 Farm
16:27 Arcane Tower
17:50 Scout Tower
17:52 Scout Tower
17:53 Scout Tower
18:21 Arcane Tower
19:11 Arcane Tower
19:12 Arcane Tower
19:12 Arcane Tower
19:54 Scout Tower
20:08 Scout Tower
20:09 Scout Tower
20:10 Scout Tower
20:14 Scout Tower
20:34 Guard Tower
22:07 Guard Tower
22:07 Arcane Tower
22:09 Guard Tower
23:26 Scout Tower
23:27 Scout Tower
23:29 Scout Tower
23:32 Scout Tower
24:24 Guard Tower
24:24 Guard Tower
24:30 Scout Tower
24:33 Scout Tower
25:09 Guard Tower
25:09 Guard Tower
29:56 Town Hall
31:05 Town Hall
32:09 Town Hall
32:11 Scout Tower
32:11 Scout Tower
32:12 Scout Tower
32:12 Scout Tower
32:13 Scout Tower
32:17 Town Hall
32:25 Arcane Sanctum
32:39 Arcane Tower
32:39 Arcane Tower
32:40 Guard Tower
32:40 Guard Tower
32:44 Scout Tower
32:49 Arcane Tower
32:50 Arcane Tower
32:50 Guard Tower
32:50 Guard Tower
32:51 Scout Tower
32:55 Scout Tower
32:59 Scout Tower
32:59 Scout Tower
33:12 Guard Tower
33:13 Guard Tower
33:15 Scout Tower
33:17 Scout Tower
33:22 Guard Tower
33:34 Guard Tower
33:45 Town Hall
33:51 Guard Tower
35:53 Scout Tower
35:54 Scout Tower
35:55 Scout Tower
35:55 Scout Tower
35:56 Scout Tower
35:57 Scout Tower
35:58 Scout Tower
35:58 Scout Tower
36:10 Scout Tower
36:11 Scout Tower
36:12 Scout Tower
36:12 Scout Tower
36:13 Scout Tower
36:15 Scout Tower
36:16 Scout Tower
36:20 Scout Tower
36:21 Scout Tower
37:26 Town Hall
37:28 Scout Tower
37:29 Scout Tower
37:31 Scout Tower
37:34 Scout Tower
37:35 Scout Tower
37:35 Scout Tower
37:37 Scout Tower
37:37 Scout Tower
37:59 Guard Tower
38:00 Guard Tower
38:13 Scout Tower
38:14 Scout Tower
38:16 Scout Tower
38:17 Scout Tower
38:21 Arcane Tower
38:24 Arcane Tower
38:51 Guard Tower
38:51 Guard Tower
38:52 Guard Tower
40:18 Arcane Tower
40:18 Guard Tower
42:27 Gryphon Aviary
» items
| Boots of Speed | 1 | |
| Scroll of Regeneration | 4 | |
| Lesser Clarity Potion | 1 | |
| Potion of Healing | 1 | |
| Scroll of Town Portal | 1 | |
| Staff of Sanctuary | 2 | |
| Ivory Tower | 3 | |
13 total

»
Fluked (
teal | 67 APM | 3496 actions | 52:22)
5 Priestess of the Moon
3 Trueshot Aura
2 Searing Arrows
» actions
| Assign group hotkey | 39 | |
| Basic commands | 426 | |
| Build / train | 141 | |
| ESC pressed | 7 | |
| Enter build submenu | 37 | |
| Enter hero's abilities submenu | 5 | |
| Give item / drop item | 4 | |
| Right click | 1198 | |
| Select / deselect | 672 | |
| Select group hotkey | 831 | |
| Use ability | 136 | |
3496 total
» units
| Wisp | 18 | |
| Huntress | 7 | |
| Archer | 17 | |
| Dryad | 15 | |
| Druid of the Talon | 15 | |
| Hippogryph | 1 | |
| Peasant | 17 | |
90 total
» upgrades
| Improved Bows | 1 | |
| Strength of the Moon | 3 | |
| Druid of the Talon Training | 2 | |
| Abolish Magic | 1 | |
| Moon Armor | 3 | |
| Marksmanship | 1 | |
| Strength of the Wild | 2 | |
| Reinforced Hides | 1 | |
| Hippogryph Taming | 1 | |
| Druid of the Claw Training | 1 | |
16 total
» buildings
| Altar of Elders | 1 | |
| Moon Well | 6 | |
| Ancient of War | 1 | |
| Hunter's Hall | 1 | |
| Tree of Ages | 1 | |
| Ancient of Wind | 2 | |
| Ancient of Lore | 3 | |
| Tree of Life | 1 | |
| Tree of Eternity | 5 | |
| Scout Tower | 14 | |
| Guard Tower | 3 | |
| Orc Burrow | 25 | |
| Farm | 9 | |
72 total
» build order
00:04 Altar of Elders
00:18 Moon Well
01:41 Ancient of War
01:45 Hunter's Hall
01:54 Moon Well
02:35 Moon Well
03:35 Tree of Ages
06:11 Ancient of Wind
06:13 Ancient of Lore
06:15 Ancient of Wind
06:46 Moon Well
07:48 Ancient of Lore
08:00 Ancient of Lore
08:03 Tree of Life
09:45 Moon Well
09:46 Moon Well
11:44 Tree of Eternity
11:44 Tree of Eternity
11:44 Tree of Eternity
11:44 Tree of Eternity
44:20 Scout Tower
44:21 Scout Tower
44:22 Scout Tower
44:23 Scout Tower
44:24 Scout Tower
44:27 Scout Tower
44:55 Scout Tower
44:59 Scout Tower
45:11 Scout Tower
45:13 Scout Tower
45:15 Scout Tower
45:28 Guard Tower
45:37 Guard Tower
45:40 Scout Tower
45:42 Scout Tower
45:42 Scout Tower
45:49 Orc Burrow
45:49 Orc Burrow
45:50 Orc Burrow
45:51 Orc Burrow
45:51 Orc Burrow
45:52 Orc Burrow
45:53 Orc Burrow
45:54 Orc Burrow
45:54 Orc Burrow
45:56 Orc Burrow
45:57 Orc Burrow
45:58 Orc Burrow
45:59 Orc Burrow
46:01 Orc Burrow
46:04 Orc Burrow
46:05 Orc Burrow
46:29 Guard Tower
46:40 Farm
46:40 Farm
46:42 Farm
46:45 Farm
46:46 Farm
46:49 Farm
46:50 Farm
46:51 Farm
46:53 Farm
47:11 Orc Burrow
47:12 Orc Burrow
47:15 Orc Burrow
47:17 Orc Burrow
47:19 Orc Burrow
47:20 Orc Burrow
47:21 Orc Burrow
47:23 Orc Burrow
47:25 Orc Burrow
» items
| Dust of Appearance | 1 | |
| Scroll of Healing | 10 | |
| Scroll of Protection | 2 | |
| Potion of Lesser Invulnerability | 1 | |
| Scroll of Town Portal | 2 | |
| Healing Salve | 1 | |
17 total

»
FlyLiFe (
green | 104 APM | 4493 actions | 43:11)
5 Blademaster
3 Wind Walk
2 Critical Strike
4 Tauren Chieftain
1 Endurance Aura
2 War Stomp
1 Shockwave
2 Shadow Hunter
1 Hex
1 Healing Wave
» actions
| Assign group hotkey | 76 | |
| Basic commands | 56 | |
| Build / train | 137 | |
| ESC pressed | 6 | |
| Enter build submenu | 44 | |
| Enter hero's abilities submenu | 11 | |
| Give item / drop item | 3 | |
| Right click | 2381 | |
| Select / deselect | 809 | |
| Select group hotkey | 704 | |
| Use ability | 266 | |
4493 total
» units
| Peon | 37 | |
| Grunt | 6 | |
| Demolisher | 1 | |
| Raider | 9 | |
| Kodo Beast | 2 | |
| Shaman | 5 | |
| Troll Headhunter/Berserker | 5 | |
| Troll Batrider | 13 | |
78 total
» upgrades
| Berserker Strength | 1 | |
| Ensnare | 1 | |
| Reinforced Defenses | 1 | |
| War Drums Damage Increase | 1 | |
| Shaman Training | 2 | |
| Berserker Upgrade | 1 | |
| Armor | 1 | |
| Pillage | 1 | |
| Liquid Fire | 1 | |
10 total
» buildings
| Altar of Storms | 1 | |
| Orc Burrow | 7 | |
| Barracks | 1 | |
| Stronghold | 4 | |
| War Mill | 1 | |
| Fortress | 1 | |
| Beastiary | 5 | |
| Voodoo Lounge | 1 | |
| Great Hall | 4 | |
| Spirit Lodge | 1 | |
| Watch Tower | 15 | |
| Tauren Totem | 2 | |
43 total
» build order
00:04 Altar of Storms
00:18 Orc Burrow
00:36 Barracks
01:34 Orc Burrow
02:37 Stronghold
02:37 Stronghold
02:37 Stronghold
04:07 War Mill
04:09 Orc Burrow
05:26 Fortress
05:30 Beastiary
06:57 Voodoo Lounge
07:08 Great Hall
07:49 Orc Burrow
09:25 Spirit Lodge
09:59 Orc Burrow
10:38 Watch Tower
12:16 Watch Tower
14:24 Tauren Totem
18:15 Tauren Totem
18:36 Watch Tower
18:49 Watch Tower
19:07 Orc Burrow
19:08 Orc Burrow
19:45 Watch Tower
19:55 Watch Tower
21:16 Great Hall
21:21 Beastiary
23:10 Watch Tower
23:12 Watch Tower
23:15 Watch Tower
24:22 Beastiary
24:24 Beastiary
29:41 Watch Tower
32:29 Watch Tower
32:40 Great Hall
32:49 Watch Tower
33:17 Watch Tower
33:17 Watch Tower
33:20 Great Hall
38:00 Watch Tower
» items
| Healing Salve | 5 | |
| Lesser Clarity Potion | 7 | |
| Boots of Speed | 2 | |
| Scroll of Healing | 4 | |
| Potion of Lesser Invulnerability | 3 | |
| Potion of Healing | 5 | |
| Potion of Mana | 2 | |
| Orb of Lightning | 1 | |
| Scroll of Town Portal | 1 | |
30 total
team 2 (winner)
cum.2ez (
purple | 110 APM | 5783 actions | 52:22)
7 Blademaster
3 Wind Walk
3 Critical Strike
1 Bladestorm
4 Shadow Hunter
2 Hex
2 Healing Wave
» actions
| Assign group hotkey | 109 | |
| Basic commands | 103 | |
| Build / train | 158 | |
| ESC pressed | 61 | |
| Enter build submenu | 64 | |
| Enter hero's abilities submenu | 11 | |
| Give item / drop item | 13 | |
| Right click | 2580 | |
| Select / deselect | 411 | |
| Select group hotkey | 1907 | |
| Use ability | 365 | |
5783 total
» units
| Peon | 23 | |
| Troll Batrider | 60 | |
| Kodo Beast | 2 | |
| Wind Rider | 8 | |
93 total
» upgrades
| Pillage | 1 | |
| Reinforced Defenses | 1 | |
| Liquid Fire | 1 | |
| Ranged Weapons | 3 | |
| Spiked Barricades | 1 | |
| Armor | 4 | |
| War Drums Damage Increase | 1 | |
| Envenomed Spears | 2 | |
14 total
» buildings
| Altar of Storms | 2 | |
| Orc Burrow | 8 | |
| Voodoo Lounge | 2 | |
| War Mill | 1 | |
| Watch Tower | 36 | |
| Stronghold | 6 | |
| Fortress | 1 | |
| Beastiary | 5 | |
| Great Hall | 1 | |
62 total
» build order
00:09 Altar of Storms
00:10 Altar of Storms
00:24 Orc Burrow
00:54 Voodoo Lounge
01:08 War Mill
01:43 Orc Burrow
02:25 Watch Tower
02:46 Watch Tower
03:18 Watch Tower
03:45 Watch Tower
03:57 Watch Tower
04:19 Watch Tower
04:52 Stronghold
04:52 Stronghold
04:52 Stronghold
04:52 Stronghold
06:11 Watch Tower
06:12 Watch Tower
06:16 Watch Tower
06:17 Watch Tower
07:26 Fortress
07:44 Watch Tower
07:46 Watch Tower
07:54 Beastiary
07:55 Beastiary
08:05 Watch Tower
08:08 Watch Tower
08:09 Watch Tower
08:10 Watch Tower
08:21 Watch Tower
08:22 Watch Tower
08:46 Watch Tower
08:57 Orc Burrow
08:59 Orc Burrow
09:05 Voodoo Lounge
11:11 Watch Tower
11:15 Watch Tower
11:58 Great Hall
12:00 Watch Tower
12:01 Watch Tower
12:03 Watch Tower
13:30 Watch Tower
14:21 Watch Tower
18:19 Watch Tower
18:19 Watch Tower
24:07 Watch Tower
24:07 Watch Tower
27:09 Watch Tower
27:11 Watch Tower
35:38 Watch Tower
35:39 Watch Tower
35:39 Watch Tower
35:40 Watch Tower
45:12 Orc Burrow
45:15 Orc Burrow
45:16 Orc Burrow
45:16 Orc Burrow
46:04 Beastiary
46:31 Beastiary
46:46 Beastiary
» items
| Lesser Clarity Potion | 10 | |
| Healing Salve | 3 | |
| Scroll of Speed | 1 | |
| Boots of Speed | 4 | |
| Staff of Teleportation | 2 | |
| Circlet of Nobility | 1 | |
| Orb of Lightning | 3 | |
| Potion of Healing | 1 | |
| Potion of Lesser Invulnerability | 1 | |
| Staff of Sanctuary | 2 | |
28 total
CumInsideMe (
pink | 93 APM | 4899 actions | 52:23)
7 Mountain King
3 Storm Bolt
3 Bash
1 Avatar
6 Paladin
3 Holy Light
3 Divine Shield
» actions
| Assign group hotkey | 31 | |
| Basic commands | 121 | |
| Build / train | 149 | |
| Enter build submenu | 74 | |
| Enter hero's abilities submenu | 13 | |
| Give item / drop item | 16 | |
| Remove unit from queue | 2 | |
| Right click | 2563 | |
| Select / deselect | 930 | |
| Select group hotkey | 637 | |
| Use ability | 362 | |
4899 total
» units
| Peasant | 26 | |
| Priest | 4 | |
| Sorceress | 4 | |
| Mortar Team | 4 | |
38 total
» upgrades
| Masonry | 3 | |
| Lumber Harvesting | 2 | |
| Magic Sentry | 1 | |
| Sorceress Training | 2 | |
| Priest Training | 2 | |
| Backpack | 1 | |
| Gunpowder | 3 | |
| Fragmentation Shards | 1 | |
| Flare | 1 | |
| Armor | 2 | |
18 total
» buildings
| Altar of Kings | 1 | |
| Farm | 14 | |
| Scout Tower | 73 | |
| Lumber Mill | 1 | |
| Arcane Tower | 11 | |
| Guard Tower | 35 | |
| Arcane Vault | 2 | |
| Keep | 1 | |
| Town Hall | 1 | |
| Arcane Sanctum | 1 | |
| Castle | 1 | |
| Blacksmith | 1 | |
| Workshop | 3 | |
145 total
» build order
00:05 Altar of Kings
00:19 Farm
00:41 Scout Tower
00:50 Lumber Mill
01:10 Arcane Tower
01:24 Farm
01:37 Scout Tower
01:54 Scout Tower
02:16 Guard Tower
02:33 Guard Tower
02:53 Scout Tower
03:20 Scout Tower
03:24 Farm
03:40 Arcane Tower
03:58 Guard Tower
04:00 Scout Tower
04:10 Scout Tower
04:36 Arcane Tower
04:42 Scout Tower
05:23 Scout Tower
05:25 Guard Tower
05:31 Arcane Vault
05:33 Guard Tower
06:05 Guard Tower
06:06 Scout Tower
06:07 Scout Tower
06:53 Keep
06:57 Town Hall
07:15 Arcane Tower
07:17 Guard Tower
07:18 Scout Tower
07:21 Scout Tower
08:14 Guard Tower
08:16 Scout Tower
08:19 Scout Tower
08:31 Guard Tower
08:33 Scout Tower
08:34 Scout Tower
08:59 Guard Tower
09:03 Scout Tower
09:10 Guard Tower
09:13 Scout Tower
09:22 Arcane Sanctum
09:43 Guard Tower
09:53 Guard Tower
09:54 Scout Tower
10:27 Arcane Tower
11:12 Guard Tower
11:25 Scout Tower
12:00 Guard Tower
12:04 Scout Tower
12:08 Scout Tower
12:09 Scout Tower
13:26 Guard Tower
13:29 Scout Tower
13:34 Scout Tower
13:36 Guard Tower
13:42 Scout Tower
13:43 Scout Tower
13:43 Scout Tower
13:46 Castle
14:27 Arcane Tower
14:31 Scout Tower
15:38 Arcane Tower
15:40 Guard Tower
15:41 Scout Tower
15:42 Scout Tower
15:44 Scout Tower
16:02 Arcane Vault
16:33 Guard Tower
16:34 Guard Tower
16:42 Scout Tower
16:43 Scout Tower
16:43 Scout Tower
17:25 Arcane Tower
17:27 Scout Tower
17:40 Arcane Tower
18:19 Guard Tower
18:21 Scout Tower
19:24 Guard Tower
19:27 Scout Tower
19:28 Scout Tower
19:28 Scout Tower
19:34 Scout Tower
19:35 Scout Tower
19:36 Scout Tower
19:36 Scout Tower
19:38 Scout Tower
19:42 Scout Tower
19:43 Scout Tower
19:44 Scout Tower
19:45 Scout Tower
20:17 Arcane Tower
20:30 Guard Tower
21:16 Guard Tower
21:20 Guard Tower
23:04 Arcane Tower
23:05 Guard Tower
23:08 Scout Tower
23:09 Scout Tower
23:10 Scout Tower
23:18 Scout Tower
23:21 Guard Tower
23:22 Scout Tower
23:28 Scout Tower
23:28 Scout Tower
23:37 Guard Tower
24:07 Guard Tower
24:09 Guard Tower
24:20 Scout Tower
24:20 Scout Tower
24:21 Scout Tower
25:10 Guard Tower
25:11 Scout Tower
25:11 Scout Tower
25:12 Scout Tower
25:28 Guard Tower
25:35 Scout Tower
25:35 Scout Tower
25:36 Scout Tower
25:37 Scout Tower
25:39 Scout Tower
25:40 Scout Tower
30:11 Guard Tower
32:03 Farm
32:04 Farm
32:09 Guard Tower
32:15 Scout Tower
32:17 Scout Tower
32:17 Scout Tower
32:24 Scout Tower
33:15 Guard Tower
44:17 Blacksmith
44:21 Farm
44:23 Farm
44:24 Farm
44:26 Farm
44:27 Farm
44:28 Farm
45:03 Workshop
45:05 Workshop
45:07 Workshop
45:14 Farm
45:16 Farm
45:17 Farm
» items
| Scroll of Regeneration | 2 | |
| Lesser Clarity Potion | 12 | |
| Staff of Teleportation | 2 | |
| Boots of Speed | 2 | |
| Healing Salve | 1 | |
| Potion of Healing | 1 | |
| Potion of Lesser Invulnerability | 2 | |
| Potion of Mana | 1 | |
| Staff of Sanctuary | 2 | |
| Orb of Lightning | 2 | |
| Scroll of Town Portal | 1 | |
28 total
Ishamal (
yellow | 54 APM | 2807 actions | 52:22)
6 Archmage
3 Blizzard
2 Brilliance Aura
1 Mass Teleport
5 Blood Mage
3 Flame Strike
2 Siphon Mana
4 Paladin
2 Holy Light
2 Divine Shield
» actions
| Assign group hotkey | 3 | |
| Basic commands | 32 | |
| Build / train | 122 | |
| Enter build submenu | 54 | |
| Enter hero's abilities submenu | 15 | |
| Give item / drop item | 3 | |
| Right click | 1495 | |
| Select / deselect | 508 | |
| Select group hotkey | 271 | |
| Use ability | 304 | |
2807 total
» units
| Peasant | 25 | |
| Sorceress | 2 | |
| Priest | 6 | |
| Dragonhawk Rider | 1 | |
| Mortar Team | 5 | |
39 total
» upgrades
| Masonry | 3 | |
| Lumber Harvesting | 2 | |
| Magic Sentry | 1 | |
| Sorceress Training | 1 | |
| Priest Training | 2 | |
| Cloud | 1 | |
| Armor | 1 | |
| Animal War Training | 1 | |
| Gunpowder | 2 | |
| Plating | 2 | |
| Flare | 1 | |
| Fragmentation Shards | 1 | |
18 total
» buildings
| Altar of Kings | 1 | |
| Farm | 12 | |
| Scout Tower | 53 | |
| Lumber Mill | 1 | |
| Arcane Tower | 5 | |
| Guard Tower | 21 | |
| Keep | 3 | |
| Arcane Vault | 1 | |
| Town Hall | 1 | |
| Arcane Sanctum | 1 | |
| Castle | 1 | |
| Gryphon Aviary | 1 | |
| Blacksmith | 2 | |
| Barracks | 1 | |
| Workshop | 6 | |
110 total
» build order
00:06 Altar of Kings
00:19 Farm
00:45 Farm
01:24 Scout Tower
01:40 Lumber Mill
01:52 Arcane Tower
01:55 Scout Tower
02:01 Scout Tower
02:56 Guard Tower
02:57 Scout Tower
03:08 Scout Tower
03:59 Guard Tower
04:03 Scout Tower
04:04 Scout Tower
04:13 Keep
04:14 Keep
04:33 Guard Tower
04:44 Arcane Vault
04:46 Scout Tower
04:50 Scout Tower
05:26 Guard Tower
05:28 Scout Tower
05:29 Scout Tower
05:30 Scout Tower
05:31 Scout Tower
05:43 Farm
05:58 Guard Tower
06:25 Farm
06:29 Guard Tower
06:33 Scout Tower
06:34 Scout Tower
06:35 Scout Tower
06:35 Scout Tower
07:27 Town Hall
07:46 Guard Tower
08:14 Scout Tower
08:16 Scout Tower
08:17 Scout Tower
08:18 Scout Tower
08:19 Scout Tower
08:20 Scout Tower
09:57 Guard Tower
10:05 Arcane Sanctum
10:17 Guard Tower
11:00 Guard Tower
11:17 Guard Tower
12:12 Arcane Tower
12:40 Scout Tower
12:41 Scout Tower
12:42 Scout Tower
12:43 Scout Tower
12:44 Scout Tower
12:45 Scout Tower
13:37 Guard Tower
14:10 Castle
15:08 Guard Tower
15:09 Guard Tower
16:12 Arcane Tower
16:24 Scout Tower
16:27 Scout Tower
16:28 Scout Tower
16:29 Scout Tower
17:10 Guard Tower
17:21 Gryphon Aviary
17:44 Guard Tower
17:50 Guard Tower
19:03 Blacksmith
19:07 Guard Tower
19:13 Scout Tower
19:14 Scout Tower
19:17 Scout Tower
19:17 Scout Tower
19:21 Scout Tower
19:22 Scout Tower
19:25 Scout Tower
19:25 Scout Tower
19:26 Scout Tower
19:27 Scout Tower
21:03 Guard Tower
21:18 Arcane Tower
21:35 Arcane Tower
24:17 Barracks
31:14 Scout Tower
31:15 Scout Tower
31:16 Scout Tower
31:20 Scout Tower
31:22 Scout Tower
31:23 Scout Tower
31:24 Scout Tower
31:25 Scout Tower
31:27 Scout Tower
31:27 Scout Tower
32:21 Guard Tower
36:46 Guard Tower
45:07 Workshop
45:08 Workshop
45:10 Workshop
45:11 Workshop
45:13 Workshop
45:14 Workshop
45:32 Farm
45:34 Farm
45:36 Farm
45:52 Farm
45:53 Farm
45:55 Blacksmith
45:59 Farm
46:00 Farm
46:04 Farm
» items
| Healing Salve | 1 | |
| Boots of Speed | 3 | |
| Staff of Teleportation | 3 | |
| Periapt of Vitality | 2 | |
| Potion of Lesser Invulnerability | 2 | |
| Orb of Lightning | 1 | |
| Scroll of Regeneration | 1 | |
| Potion of Healing | 1 | |
| Staff of Sanctuary | 3 | |
17 total
Chat log
(00:11 / All) CumInsideMe: i want your thick rod inside of me
(00:13 / All) cum.2ez: Gl n FH
(00:16 / All) CumInsideMe: gl & hf
(00:23 / All) Ishamal: manner game plz
(00:24 / All) Fluked: oh baby u make me so hot
(00:32 / All) cum.2ez: 2ez
(00:39 / All) Fluked: i love it when u finger my asshole
(00:52 / All) Ishamal: omg me too
(00:54 / All) CumInsideMe: me too,
(01:16 / All) CumInsideMe: lets all finger our assholes while we play
(01:21 / All) cum.2ez: already on it
(01:21 / All) Fluked: YES
(01:24 / All) Fluked: awesome idea.
(01:25 / All) cum.2ez: (my finger that is)
(01:27 / All) Ishamal: you mean you dont normally?
(03:55 / All) Fluked: lol
(30:19 / All) cum.2ez: 2ez
(31:10 / All) cum.2ez: u guys got any plan
(31:18 / All) cum.2ez: cause ur about 30k gold behind now]
(35:28 / All) cum.2ez: Nt noobie
(39:14 / All) cum.2ez: nice potm.
(39:19 / All) Fluked: nice face
(39:21 / All) Fluked: BAM
(41:04 / All) CumInsideMe: the cavalry is here
(42:42 / All) cum.2ez: Awesome gfx
(43:14 / All) Ishamal: 2ez
(43:17 / All) AwesomeGraphics: lol
(43:19 / All) AwesomeGraphics: 2gay
(43:23 / All) CumInsideMe: you tried gryphs once already remember?
(43:24 / All) cum.2ez: 2ez
(43:32 / All) Fluked: u guys look like uve done this a bit
(43:37 / All) AwesomeGraphics: lol
(43:38 / All) Fluked: lol
(43:40 / All) CumInsideMe: my first time playing
(43:45 / All) cum.2ez: u look like u have never played before
(43:47 / All) AwesomeGraphics: and this is basically why wc3 is a terrible RTS especially in 3's
(43:49 / All) AwesomeGraphics: gg
(43:51 / All) Fluked: its true
(43:52 / All) CumInsideMe: 2 e z
(43:55 / All) Fluked: this is my 6th game
(44:01 / All) cum.2ez: this is basicaly why you're terrible at 3s*\
(44:03 / All) Ishamal: 2ez
(44:05 / All) Fluked: afk while u eliminate
(44:09 / All) CumInsideMe: uh oh
(47:01 / All) CumInsideMe: you dont seem afk
(50:30 / All) CumInsideMe: towers are hard